 Dungeon Crawl Stone Soup version 0.17-a0-1596-g1e86911 (webtiles) character file.

966 abixa the Firebug (level 8, -9/66 HPs)
             Began as a Hill Orc Fire Elementalist on July 31, 2015.
             Was a Follower of Makhleb.
             Mangled by an ogre
             ... wielding a +0 giant club
              (11 damage)
             ... on level 4 of the Dungeon.
             The game lasted 00:37:40 (9014 turns).

abixa the Firebug (Hill Orc Fire Elementalist)      Turns: 9014, Time: 00:37:41

Health: -9/66      AC: 10    Str: 11    XL:     8   Next: 15%
Magic:  12/12      EV:  5    Int: 19    God:    Makhleb [*.....]
Gold:   259        SH:  0    Dex: 11    Spells: 4 memorised, 2 levels left

rFire  + . .     SeeInvis .     x - +0 war axe
rCold  . . .     Clarity  .     e - +0 chain mail (curse)
rNeg   . . .     SustAt   .     (no shield)
rPois  +         Gourm    .     q - +0 helmet "Hagiso" {rC+ rCorr Int+2}
rElec  .         Spirit   .     k - +0 cloak
rCorr  +         Warding  .     (no gloves)
rMut   .         Stasis   .     (no boots)
MR     .....                    (no amulet)
Stlth  ..........               o - ring of fire
                                p - ring of poison resistance

@: not resistant to hostile enchantments, extremely unstealthy
A: no striking features
a: Renounce Religion


You were on level 4 of the Dungeon.
You worshipped Makhleb.
Makhleb was aware of your devotion.
You were very hungry.

You visited 2 branches of the dungeon, and saw 6 of its levels.
You also visited: Sewer.

You collected 259 gold pieces.

Inventory:

Hand weapons
 s - a +0 hunting sling
 w - a +0 trident
 x - a +0 war axe (weapon)
Missiles
 d - 93 stones (quivered)
 h - 22 arrows
 y - 15 sling bullets
 C - 17 poisoned needles
 D - 17 arrows of frost
Armour
 a - a +0 robe
 e - a cursed +0 chain mail (worn)
 k - a +0 cloak (worn)
 q - the +0 helmet "Hagiso" (worn) {rC+ rCorr Int+2}
   (You took it off Robin on level 3 of the Dungeon)

   It affects your intelligence (+2).
   It protects you from cold.
   It protects you from acid and corrosion.
 r - a +0 leather armour
Jewellery
 o - a ring of fire (right hand)
 p - a ring of poison resistance (left hand)
Magical devices
 z - a wand of digging (10)
Scrolls
 g - 4 scrolls of identify
 i - 3 scrolls of fog
 n - a scroll of recharging
 t - a scroll of magic mapping
 u - 2 scrolls of enchant armour
 v - a scroll of teleportation
 A - a scroll of blinking
Potions
 f - a potion of magic {unknown}
 l - 5 potions of curing {unknown}
 B - a potion of brilliance {unknown}
Books
 b - a book of Flames

   Spells                             Type                      Level
   a - Flame Tongue                   Conjuration/Fire             1
   b - Throw Flame                    Conjuration/Fire             2
   c - Conjure Flame                  Conjuration/Fire             3
   d - Inner Flame                    Hexes/Fire                   3
   e - Sticky Flame                   Conjuration/Fire             4
   f - Fireball                       Conjuration/Fire             5
Comestibles
 c - 4 bread rations
 m - 2 meat rations


   Skills:
 - Level 4.1 Fighting
 + Level 4.4 Axes
 - Level 1.5 Dodging
 - Level 1.5 Stealth
 - Level 2.9 Spellcasting
 - Level 5.3 Conjurations
 - Level 5.5 Fire Magic


You had 2 spell levels left.
You knew the following spells:

 Your Spells              Type           Power        Failure   Level  Hunger
a - Flame Tongue          Conj/Fire      #####        91%         1    None
b - Throw Flame           Conj/Fire      #####.       98%         2    ##.....
c - Conjure Flame         Conj/Fire      #####...     100%        3    ###....
d - Sticky Flame          Conj/Fire      #####...     100%        4    ####...


Dungeon Overview and Level Annotations

Branches:
Dungeon (5/15)             Temple (1/1) D:4

Altars:
Cheibriados
Dithmenos
Elyvilon
Fedhas
Gozag
Kikubaaqudgha
Makhleb
Nemelex Xobeh
Okawaru
Qazlal
Ru
Sif Muna
Trog
Vehumet
Xom
Yredelemnul
Zin
The Shining One

Shops:
D:4 %

Annotations:
D:2 Terence
D:5 heinrich's ghost, experienced OpWr


Message History

The ogre is lightly wounded.
The ogre barely misses you.
You hit the ogre.
The ogre is moderately wounded.
The ogre hits you with a giant club!
You hit the ogre.
The ogre is heavily wounded.
The ogre hits you with a giant club!
Your chain mail prevents you from hitting the ogre.
The ogre is heavily wounded.
The ogre hits you with a giant club!
* * * LOW HITPOINT WARNING * * *
You slash the ogre!
The ogre is severely wounded.
The ogre hits you with a giant club!
* * * LOW HITPOINT WARNING * * *
You hit the ogre but do no damage.
The ogre is severely wounded.
The ogre hits you with a giant club!
You die...

###.#..##########.# #.# #.#
###.#.............######.# #.#
....##.####.......[......####.####
###.##O# #.####.(######.........#
....##.# #.# #.(............##.#
O##.##.# ##.# #..##.###########.#
.##.##.###..####..##.# #.#
.##............#.O..∩# #.#
....##...........@#### #.#
.##.###...........# #.##
.##...##.....#.##.##### #...
.####.###...##[##.#...# #.##
#####.####..........>.# #.#
......># #.###.#..#...# #.#
#####..#
#.###<#..##.###########.##
.......###.##..#..##.#
#..5........
######.##...#.##..##.#
#.###.#####.


You could see an ogre.

Vanquished Creatures
  A centaur (D:5)
  An ogre (D:5)
  2 giant frogs (Sewer)
  A crimson imp (D:4)
  4 orc wizards (D:4)
  An orc priest (D:3)
  A jelly (D:5)
  Natasha (thrice) (D:4)
  A hound (D:4)
  2 worker ants
  Robin (D:3)
  17 adders
  9 oozes (Sewer)
  2 worms
  19 giant geckos
  8 orcs
  10 ball pythons
  7 hobgoblins
  7 kobolds
  6 bats
  22 giant cockroaches
  A giant gecko skeleton (D:4)
  17 giant newts
  15 goblins
  A quokka (D:2)
  9 rats
168 creatures vanquished.

Notes
Turn   | Place    | Note
--------------------------------------------------------------
     0 | D:1      | abixa the Hill Orc Fire Elementalist began the quest for the Orb.
     0 | D:1      | Reached XP level 1. HP: 14/14 MP: 3/3
   193 | D:1      | Reached XP level 2. HP: 20/22 MP: 0/4
  1028 | D:2      | Reached XP level 3. HP: 22/27 MP: 0/5
  1541 | D:2      | Noticed Terence
  1673 | D:2      | Reached XP level 4. HP: 31/34 MP: 2/6
  2549 | D:2      | Learned a level 2 spell: Throw Flame
  2553 | D:2      | Learned a level 3 spell: Conjure Flame
  2832 | D:3      | Noticed Natasha
  2980 | D:3      | Reached skill level 4 in Fire Magic
  2983 | D:3      | Found a glowing drain.
  3137 | Sewer    | Entered a sewer
  3248 | Sewer    | Reached XP level 5. HP: 39/39 MP: 3/7
  3888 | Sewer    | Reached XP level 6. HP: 46/46 MP: 5/9
  4027 | Sewer    | Noticed a giant frog
  4029 | Sewer    | Noticed a giant frog
  4035 | Sewer    | Killed a giant frog
  4035 | Sewer    | Reached skill level 5 in Fire Magic
  4039 | Sewer    | Killed a giant frog
  4464 | D:3      | Reached XP level 7. HP: 37/51 MP: 8/11
  4644 | D:3      | Learned a level 4 spell: Sticky Flame
  4862 | D:4      | Killed Natasha
  4862 | D:4      | Reached skill level 5 in Conjurations
  4917 | D:4      | Found a staircase to the Ecumenical Temple.
  4923 | Temple   | Entered the Ecumenical Temple
  4955 | Temple   | Became a worshipper of Makhleb the Destroyer
  5021 | D:4      | Found Widyfi's Food Shop.
  5165 | D:4      | Noticed Natasha
  5169 | D:4      | Killed Natasha
  5226 | D:4      | Noticed Robin
  5368 | D:3      | Killed Robin
  5371 | D:3      | Got a fine helmet
  5377 | D:3      | Identified the +0 helmet "Hagiso" {rC+ rCorr Int+2} (You took it off Robin on level 3 of the Dungeon)
  5480 | D:4      | Reached skill level 1 in Fighting
  5486 | D:4      | Acquired Makhleb's first power
  6166 | D:4      | Noticed Natasha
  6169 | D:4      | Killed Natasha
  6210 | D:5      | Entered Level 5 of the Dungeon
  8342 | D:5      | Reached XP level 8. HP: 22/66 MP: 12/12
  8786 | D:5      | Noticed heinrich's ghost (experienced OpWr)
  9013 | D:4      | HP: 2/66 [ogre/giant club (9)]
  9014 | D:4      | Mangled by an ogre

Vault maps used:
D:1:      dpeg_arrival_simpleton_a, minivault_11, serial_bayou_lagoon_b
D:2:      uniq_terence
D:3:      gup_sewer_entry_pipe, uniq_natasha
D:4:      minmay_temple_entry_fiery, serial_shops, shop,
          minmay_misc_feat_plants, uniq_robin
D:5:      first_bread, kennysheep_flooded_box
Temple:   grunt_circular_temple_18
Sewer:    sewer_frog_island_02

Action                   |  1- 3 |  4- 6 |  7- 9 || total
-------------------------+-------+-------+-------++-------
Melee: Unarmed           |    23 |       |       ||    23
       Spear             |       |   120 |    35 ||   155
       Trident           |       |       |   390 ||   390
       War axe           |       |       |   136 ||   136
 Fire: Hunting sling     |       |       |    12 ||    12
Throw: Stone             |     4 |     5 |       ||     9
 Cast: Flame Tongue      |    45 |   124 |    39 ||   208
       Conjure Flame     |       |     1 |       ||     1
  Use: Scroll            |       |       |     7 ||     7
 Stab: Sleeping          |       |     2 |     1 ||     3
  Eat: Chunk             |     3 |    10 |    12 ||    25
       Pizza             |       |     1 |     2 ||     3
